Map: Thunderbird LE

Players

Serral - Winner!

  • Race: Zerg Zerg
  • Spawn Location: 11:00

HAS

  • Race: Protoss Protoss
  • Spawn Location: 5:00

Event: NationWars 2019

VOD

Have the link to the VOD?

Description

Time

  • Played on: Oct. 6, 2019, 1:40 p.m.
  • Length: 11:26
Show
View Real Time Build Order
Export as new Build Order

Serral Zerg - Winner!

Build Orders: Hatch First 

Get SALT Encoding   

  12  0:00  Drone  
  13  0:12  Overlord  
  13  0:17  Drone  
  14  0:31  Drone x2  
  16  0:48  Hatchery  
  15  0:51  Drone  
  15  0:55  Drone  
  17  0:58  Drone  
  18  1:13  Spawning Pool  
  18  1:14  Drone  
  18  1:18  Drone  
  19  1:28  Drone  
  20  1:39  Drone  
  21  1:44  Extractor  
  20  1:51  Drone  
  21  2:03  Zergling x4  
  21  2:06  Queen  
  25  2:11  Queen  
  27  2:23  Overlord  
  27  2:28  Drone  
  28  2:45  Drone, Hatchery  
  28  2:48  Drone  
  29  2:54  Metabolic Boost  
  29  2:56  Drone  
  30  3:04  Queen  
  32  3:10  Overlord  
  32  3:17  Spore Crawler  
  31  3:21  Drone x2  
  31  3:23  Drone  
  33  3:28  Pneumatized Carapace  
  33  3:30  Zergling x2  
  35  3:34  Zergling x4  
  36  3:42  Queen  
  36  3:45  Overlord  
  38  3:48  Drone x2  
  38  3:55  Drone x2  
  42  4:00  Queen  
  44  4:03  Drone x2  
  44  4:05  Drone  
  44  4:08  Drone  
  49  4:10  Drone  
  49  4:11  Drone  
  49  4:15  Overlord  
  50  4:19  Drone x2  
  50  4:23  Drone x2  
  54  4:29  Drone  
  55  4:31  Roach Warren  
  55  4:34  Lair  
  55  4:36  Drone  
  55  4:39  Drone x2  
  55  4:42  Overlord  
  55  4:44  Drone x2  
  59  4:49  Drone x3  
  59  4:52  Drone x2  
  64  4:56  Queen  
  64  4:59  Overlord  
  66  5:01  Overlord  
  66  5:05  Overlord  
  66  5:15  Spore Crawler  
  66  5:16  Extractor  
  66  5:17  Spore Crawler  
  66  5:18  Drone x3, Extractor  
  66  5:19  Drone x3  
  68  5:22  Drone x2  
  68  5:24  Queen  
  68  5:27  Drone x3  
  75  5:29  Zergling x4  
  75  5:30  Zergling x2  
  78  5:40  Drone x3  
  79  5:46  Drone x2  
  79  5:54  Queen x2  
  79  5:56  Overlord x2  
  81  5:59  Extractor  
  80  6:08  Nydus Network  
  80  6:09  Roach  
  80  6:10  Roach x4  
  89  6:12  Overseer  
  89  6:15  Overlord x2  
  89  6:22  Spore Crawler  
  89  6:24  Spore Crawler x2, Roach  
  89  6:25  Roach x3  
  94  6:26  Zergling x4  
  96  6:33  Zergling x4  
  96  6:34  Zergling x8  
  101  6:45  Nydus Canal  
  101  6:48  Zergling x2  
  101  6:49  Zergling x4  
  103  6:55  Zergling x10  
  103  7:02  Queen  
  103  7:03  Queen x2  
  109  7:08  Ravager x4  
  109  7:09  Ravager, Overlord  
  109  7:10  Overlord x3  
  109  7:13  Overlord  
  109  7:15  Overlord  
  113  7:16  Overseer  
  113  7:22  Nydus Canal  
  113  7:31  Evolution Chamber  
  113  7:36  Ravager  
  113  7:37  Drone, Ravager x2  
  112  7:38  Drone x7  
  112  7:39  Drone  
  112  7:43  Drone  
  122  7:45  Hydralisk Den  
  121  7:52  Drone x4  
  125  7:59  Drone  
  125  8:02  Zerg Missile Weapons Level 1  
  125  8:03  Extractor  
  125  8:04  Extractor  
  122  8:12  Nydus Canal  
  122  8:14  Hatchery  
  121  8:20  Drone x3  
  121  8:23  Hydralisk x7  
  134  8:28  Hydralisk  
  130  8:34  Hydralisk x2  
  130  8:39  Hydralisk x2  
  138  8:42  Overlord x3  
  138  8:50  Grooved Spines  
  138  9:04  Overlord x2  
  138  9:05  Hydralisk x4  
  146  9:13  Hydralisk x2  
  150  9:27  Hydralisk x5  
  160  9:33  Nydus Canal  
  153  9:41  Extractor  
  153  9:43  Hydralisk x4  
  153  9:44  Spore Crawler  
  153  9:45  Extractor  
  153  9:49  Nydus Canal  
  153  9:51  Hydralisk  
  155  9:57  Hydralisk x2  
  149  10:01  Muscular Augments, Hydralisk  
  149  10:03  Hydralisk  
Show
View Real Time Build Order
Export as new Build Order

HAS Protoss 

Build Orders: Mass Phoenix 

Get SALT Encoding   

  12  0:00  Probe  
  13  0:13  Probe  
  14  0:17  Pylon  
  14  0:25  Probe  
  15  0:37  Probe, Gateway  
  16  0:49  Probe  
  17  0:58  Forge  
  17  1:01  Probe  
  17  1:04  Assimilator  
  18  1:11  Pylon  
  18  1:14  Probe  
  19  1:33  Probe (Chrono Boost)  
  20  1:41  Cybernetics Core  
  20  1:45  Probe (Chrono Boost)  
  21  1:49  Photon Cannon  
  21  1:52  Probe (Chrono Boost)  
  23  2:07  Probe  
  23  2:11  Nexus  
  23  2:14  Adept (Chrono Boost)  
  23  2:20  Probe  
  23  2:22  Assimilator  
  26  2:29  Pylon  
  26  2:37  Stalker  
  26  2:40  Probe  
  26  2:43  Warp Gate  
  29  2:52  Probe  
  30  3:02  Pylon  
  30  3:04  Probe  
  32  3:20  Probe  
  33  3:27  Probe (Chrono Boost)  
  33  3:28  Stargate  
  33  3:32  Probe (Chrono Boost)  
  32  3:39  Probe (Chrono Boost)  
  34  3:41  Probe (Chrono Boost)  
  34  3:43  Stargate  
  34  3:44  Probe (Chrono Boost), Assimilator  
  34  3:46  Probe (Chrono Boost), Assimilator  
  34  3:47  Stargate  
  36  3:53  Probe  
  37  3:56  Gateway  
  37  3:58  Probe  
  38  4:05  Probe (Chrono Boost), Gateway  
  39  4:16  Probe (Chrono Boost)  
  41  4:17  Probe (Chrono Boost)  
  41  4:20  Gateway  
  41  4:22  Probe (Chrono Boost)  
  43  4:27  Phoenix (Chrono Boost)  
  43  4:30  Phoenix (Chrono Boost)  
  45  4:33  Pylon  
  46  4:47  Pylon  
  46  4:51  Phoenix, Probe x2  
  50  4:52  Phoenix  
  50  4:53  Protoss Air Weapons Level 1  
  52  5:03  Pylon  
  52  5:06  Adept x2  
  56  5:08  Probe x2  
  58  5:18  Phoenix  
  58  5:20  Probe x2  
  62  5:21  Phoenix  
  62  5:26  Robotics Facility  
  64  5:32  Probe x2  
  66  5:52  Phoenix x2 (Chrono Boost)  
  67  5:59  Zealot  
  67  6:03  Pylon  
  67  6:04  Pylon x2  
  67  6:06  Nexus  
  67  6:21  Immortal  
  67  6:22  Zealot x2  
  75  6:27  Phoenix (Chrono Boost)  
  75  6:28  Sentry  
  75  6:29  Sentry  
  75  6:32  Probe x2  
  83  6:40  Pylon  
  83  6:46  Pylon  
  83  6:57  Immortal (Chrono Boost)  
  85  7:02  Zealot x2  
  85  7:03  Zealot x2  
  91  7:11  Shield Battery  
  91  7:12  Shield Battery  
  91  7:13  Shield Battery  
  91  7:16  Pylon, Shield Battery  
  91  7:26  Shield Battery  
  91  7:27  Phoenix x2  
  93  7:38  Immortal (Chrono Boost)  
  96  7:55  Phoenix x2  
  96  7:57  Sentry  
  92  8:00  Pylon  
  92  8:01  Pylon  
  90  8:06  Sentry x3  
  90  8:10  Immortal  
  97  8:43  Phoenix x2 (Chrono Boost)  
  97  8:47  Probe x2  
  103  8:52  Twilight Council  
  103  8:55  Forge  
  103  8:57  Pylon  
  103  9:01  Observer  
  104  9:03  Pylon  
  104  9:05  Probe x2  
  104  9:09  Robotics Facility  
  106  9:17  Zealot  
  108  9:24  Probe  
  108  9:26  Probe  
  104  9:46  Phoenix x2  
  108  9:54  Zealot x2  
Tags
 
Add a new tag
Caveats
  • Supply blocks, unpowered buildings, or Contaminate may cause inaccurate times.
  • Supply counts are checked every 10 seconds.